 Dungeon Crawl Stone Soup version 0.20.1-1-g8b1a95d (webtiles) character file.

212 spinkules the Chopper (level 5, -10/32 HPs)
             Began as a Gargoyle Berserker on July 3, 2017.
             Was a Believer of Trog.
             Mangled by an ogre
             ... wielding a +0 giant club
              (18 damage)
             ... on level 4 of the Dungeon.
             The game lasted 00:07:47 (2941 turns).

spinkules the Chopper (Gargoyle Berserker)          Turns: 2941, Time: 00:07:48

Health: -10/32     AC: 18    Str: 20    XL:     5   Next: 89%
Magic:  5/5        EV:  6    Int:  8    God:    Trog [**....]
Gold:   183        SH:  0    Dex: 10    Spells: 4/4 levels left

rFire    + + +     SeeInvis .   y - +3 spear "Cousur" {holy, Fragile rElec rF+++ Stlth+}
rCold    . . .     Gourm    .   (no shield)
rNeg     + . .     Faith    .   q - +0 plate armour
rPois    ∞         Spirit   .   (no helmet)
rElec    +         Reflect  .   (no cloak)
rCorr    +         Harm     .   n - +2 pair of gloves
MR       .....                  (no boots)
Stlth    ..........             (no amulet)
Regen    0.1/turn               e - ring of resist corrosion
MPRegen  0.1/turn               (no ring)

@: berserk cooldown, slowed, very slow
A: negative energy resistance 1, electricity resistance, unbreathing,
petrification resistance, rot immunity, AC +4
a: Berserk, Trog's Hand, Burn Spellbooks, Renounce Religion


You were on level 4 of the Dungeon.
You worshipped Trog.
Trog was pleased with you.
You were hungry.

You visited 1 branch of the dungeon, and saw 4 of its levels.

You collected 183 gold pieces.

Inventory:

Hand Weapons
 a - a +0 hand axe
 o - a cursed -2 dagger
 y - the +3 spear "Cousur" (weapon) {holy, Fragile rElec rF+++ Stlth+}
   (You found it on level 4 of the Dungeon)

   It has been blessed by the Shining One to cause great damage to the undead
   and demons.
   It renders you almost immune to fire.
   It insulates you from electricity.
   It will be destroyed if unequipped.
   It makes you more stealthy.
Armour
 b - a +0 animal skin
 d - a +0 chain mail
 n - a +2 pair of gloves (worn)
 q - a +0 plate armour (worn)
Jewellery
 e - a ring of resist corrosion (left hand)
Scrolls
 h - 2 scrolls of enchant armour {unknown}
 l - 3 scrolls of remove curse {unknown}
 m - a scroll of fog {unknown}
 p - a scroll of enchant weapon {unknown}
 s - a scroll of identify {unknown}
 u - 3 scrolls of recharging {unknown}
 w - a scroll of teleportation {unknown}
 x - a scroll of magic mapping {unknown}
Potions
 f - 3 potions of curing {unknown}
 g - a potion of brilliance {unknown}
 i - a potion of heal wounds {unknown}
 k - 4 potions of lignification {unknown}
 r - a potion of might {unknown}
 t - a potion of agility {unknown}
 A - a potion of resistance {unknown}
Comestibles
 c - 3 bread rations
 j - 2 meat rations
 v - 3 fruits
 z - 7 chunks of flesh


   Skills:
 - Level 3.2 Fighting
 + Level 5.8 Axes
 + Level 0.1(3.5) Polearms
 - Level 2.1 Armour
 - Level 1.5 Dodging


You had 4 spell levels left.
You didn't know any spells.

Dungeon Overview and Level Annotations

Branches:
Dungeon (4/15)
 Temple: D:4-7

Altars:
The Shining One


Innate Abilities, Weirdness & Mutations

You are resistant to torment.
Your stone body is resilient. (AC +4)
You are immune to poison.
You resist negative energy. (rN+)
You are resistant to electric shocks. (rElec)
You can survive without breathing.
You are immune to petrification.
You are immune to rotting.


Message History

You feel yourself slow down.
You see here a spear.
You puncture the ogre!
The ogre is moderately wounded.
The ogre closely misses you.
You barely miss the ogre.
The ogre is moderately wounded.
The ogre hits you with a giant club!
You hit the ogre.
The ogre is heavily wounded.
The ogre hits you with a giant club!
Ouch! That really hurt!
* * * LOW HITPOINT WARNING * * *
You are too injured to fight recklessly!
You're still recovering from your berserk rage.
You hit the ogre.
The ogre is heavily wounded.
The ogre hits you with a giant club!!
Ouch! That really hurt!
You die...

..# #.# #.#
# #.#.#
..#.# #....
# #O#.#
#..##@#.#
#..##)#.#
###..#....#
=.........#
###..#...##
.....##.##
####.##.##
#........#
#.######.#
#


You could see an ogre.

Vanquished Creatures
  An orc wizard (D:4)
  A hound (D:3)
  A hound skeleton (D:4)
  3 gnolls (D:4)
  2 adders
  An ooze (D:3)
  2 dart slugs (D:1)
  4 leopard geckos
  2 orcs (D:4)
  2 ball pythons (D:1)
  6 bats
  8 giant cockroaches
  4 goblins
  9 hobgoblins
  6 jackals (D:2)
  2 quokkas (D:2)
  5 frilled lizards
  8 kobolds
  9 rats
76 creatures vanquished.

Notes
Turn   | Place    | Note
-------+----------+-------------------------------------------
     0 | D:1      | spinkules the Gargoyle Berserker began the quest for the Orb.
     0 | D:1      | Reached XP level 1. HP: 14/14 MP: 1/1
    42 | D:1      | Reached skill level 3 in Axes
   228 | D:1      | Reached XP level 2. HP: 19/19 MP: 2/2
   489 | D:1      | Reached XP level 3. HP: 17/23 MP: 3/3
   686 | D:1      | Found a glowing golden altar of the Shining One.
  1221 | D:2      | Reached skill level 4 in Axes
  1433 | D:2      | Reached XP level 4. HP: 26/28 MP: 4/4
  1455 | D:2      | Reached ** piety under Trog
  2474 | D:3      | Reached skill level 5 in Axes
  2474 | D:3      | Reached XP level 5. HP: 30/32 MP: 5/5
  2844 | D:4      | Got a brightly glowing spear
  2845 | D:4      | Identified the +3 spear "Cousur" {holy, Fragile rElec rF+++ Stlth+} (You found it on level 4 of the Dungeon)
  2933 | D:4      | Noticed an ogre
  2941 | D:4      | Mangled by an ogre

Skill      XL: |  1  2  3  4 |
---------------+-------------+-----
Axes           | 3 4 5 |  5.8
Fighting       | |  3.2
Polearms       | |  0.1
Armour         | |  2.1
Dodging        | |  1.5

Action                   |  1- 3 |  4- 6 || total
-------------------------+-------+-------++-------
Melee: Hand axe          |   143 |   144 ||   287
       Spear             |       |    16 ||    16
Invok: Berserk           |     1 |     1 ||     2
  Eat: Chunk             |     3 |     5 ||     8
Armor: Animal skin       |    56 |    18 ||    74
       Plate armour      |       |    94 ||    94
Dodge: Dodged            |   129 |    54 ||   183
